 Dungeon Crawl Stone Soup version 0.18-a0-888-gdb73dea (webtiles) character file.

65 4thArraOfDagon the Skirmisher (level 4, -1/73 HPs)
             Began as an Ogre Hunter on Dec 23, 2015.
             Was an Initiate of the Shining One.
             Slain by an orc
             ... wielding a +0 short sword
              (2 damage)
             ... on level 3 of the Dungeon.
             The game lasted 00:03:59 (505 turns).

4thArraOfDagon the Skirmisher (Ogre Hunter)          Turns: 505, Time: 00:03:59

Health: -1/73      AC:  3    Str: 22    XL:     4   Next: 14%
Magic:  4/4        EV: 10    Int: 11    God:    the Shining One [......]
Gold:   67         SH:  0    Dex: 10    Spells: 0 memorised, 3 levels left

rFire  . . .     SeeInvis .     i - +0 spear
rCold  . . .     Gourm    +     b - +0 robe
rNeg   . . .     Faith    .     (no shield)
rPois  .         Spirit   .     (helmet restricted)
rElec  .         Dismiss  .     (no cloak)
rCorr  .         Reflect  .     (gloves unavailable)
SustAt .         Harm     .     (boots unavailable)
MR     .....                    g - amulet of the gourmand
Stlth  ..........               (no ring)
                                (no ring)

@: berserking, very quick, not resistant to hostile enchantments, extremely
unstealthy
A: unfitting armour, tough skin 1
a: Renounce Religion


You were on level 3 of the Dungeon.
You worshipped the Shining One.
The Shining One was noncommittal.
You were not hungry.

You visited 1 branch of the dungeon, and saw 4 of its levels.

You collected 67 gold pieces.

Inventory:

Hand Weapons
 a - a +0 short sword
 i - a +0 spear (weapon)
 k - a +0 club
Missiles
 c - 3 large rocks (quivered)
 d - 2 throwing nets
Armour
 b - a +0 robe (worn)
Jewellery
 g - an amulet of the gourmand (around neck)
 j - an uncursed amulet of resist corrosion {unknown}
Scrolls
 m - a scroll of fog
Potions
 l - a potion of curing {unknown}
Comestibles
 f - 2 bread rations
 h - a meat ration
 n - a chunk of flesh


   Skills:
 + Level 4.7 Fighting
 * Level 2.7 Maces & Flails
 - Level 4.0 Throwing
 - Level 1.7 Dodging
 - Level 0.7 Stealth


You had 3 spell levels left.
You didn't know any spells.

Dungeon Overview and Level Annotations

Branches:
Dungeon (4/15)
 Temple: D:4-7

Altars:
The Shining One

Shops:
D:4 *

Annotations:
D:2 Sigmund


Innate Abilities, Weirdness & Mutations

You are too large for most types of armour.
You have tough skin (AC +1).


Message History

You hit the orc.
You kill the orc!
Unknown command.
You hit the orc.
The orc is moderately wounded.
The orc hits you with a short sword.
* * * LOW HITPOINT WARNING * * *
Unknown command.
You hit the orc but do no damage.
The orc is moderately wounded.
The orc hits you with a short sword!
* * * LOW HITPOINT WARNING * * *
Unknown command.
Unknown command.
Drink which item? (? for menu, Esc to quit)
It was a potion of berserk rage.
A red film seems to cover your vision as you go berserk!
You feel yourself moving faster!
You feel mighty! The orc hits you with a short sword.
You die...

## #. ### #. #@#
.#####. #o# #
.......#####o##.#
..(....o....o>..#
.............####
.####.######## #.
. ..


You could see 3 orcs.

Vanquished Creatures
  A worker ant (D:4)
  A hound skeleton (D:4)
  A gnoll (D:1)
  A worm (D:3)
  A giant gecko (D:3)
  An orc (D:3)
  3 ball pythons
  A goblin (D:1)
  A giant cockroach (D:3)
  3 giant newts (D:3)
  A rat (D:3)
15 creatures vanquished.

Notes
Turn   | Place    | Note
--------------------------------------------------------------
     0 | D:1      | 4thArraOfDagon the Ogre Hunter began the quest for the Orb.
     0 | D:1      | Reached XP level 1. HP: 22/22 MP: 1/1
    30 | D:1      | oka time
   119 | D:2      | Found a glowing golden altar of the Shining One.
   128 | D:2      | Yermak: go this guy
   129 | D:2      | Became a worshipper of the Shining One
   145 | D:1      | Yermak: an duse the shield ability
   163 | D:1      | Reached XP level 2. HP: 29/32 MP: 2/2
   217 | D:2      | Noticed Sigmund
   249 | D:2      | Yermak: you couldkill him?
   259 | D:2      | Yermak: 4 large rocks
   337 | D:3      | 4thArraOfDagon: if he go invis
   338 | D:3      | 4thArraOfDagon: i would not only not kill but waste rocks
   347 | D:3      | Yermak: but it has awesome xp bonus
   399 | D:4      | Yermak: worth the risk, in any case your chars die ina click of fingers
   399 | D:4      | 4thArraOfDagon: not as awsome as grinder imo
   425 | D:4      | Reached XP level 3. HP: 18/40 MP: 3/3
   426 | D:4      | murphy: which enemy are u talking about?
   426 | D:4      | Yermak: aim with '.'
   430 | D:4      | Found Momoud's Elemental Accessories.
   439 | D:4      | Yermak: Sigmund
   441 | D:4      | Yermak: saves turns
   453 | D:4      | Reached XP level 4. HP: 8/49 MP: 4/4
   498 | D:3      | murphy: ah yes sigmund gave me 2 lvl
   504 | D:3      | HP: 1/49 [orc/short sword (7)]
   505 | D:3      | Slain by an orc

Vault maps used:
D:1:      lemuel_arrival_tunnels
D:2:      makhleb_grotto_becter, kiku_gazebo_garden_becter,
          nicolae_overflow_crystal_walls, first_bread, uniq_sigmund, uniq_robin,
          uniq_iyjb
D:3:      nicolae_overflow_hidden_temple, uniq_jessica
D:4:      hangedman_abyss_or_decor_jellyfish_corner, nicolae_elemental_shop

Action                   |  1- 3 |  4- 6 || total
-------------------------+-------+-------++-------
Melee: Short sword       |     2 |       ||     2
       Spear             |    42 |     8 ||    50
Throw: Large rock        |     8 |     2 ||    10
       Throwing net      |     2 |       ||     2
  Use: Scroll            |     1 |       ||     1
       Potion            |       |     1 ||     1
